 Dungeon Crawl Stone Soup version 0.32-a0-7-ge934b4519a (webtiles) character file.

Game seed: 11778016075355875322

19642 anacleto the Mimic (level 12, -16/115 HPs)
             Began as a Troll Shapeshifter on Jan 13, 2024.
             Was an Elder of the Shining One.
             Demolished by a catoblepas (26 damage)
             ... on level 11 of the Dungeon.
             The game lasted 00:33:54 (11231 turns).

anacleto the Mimic (Troll Shapeshifter)            Turns: 11231, Time: 00:33:54

Health: -16/115    AC:  9    Str: 35    XL:     12   Next: 38%
Magic:  13/13      EV:  7    Int:  6    God:    the Shining One [****..]
Gold:   42         SH: 12    Dex:  9    Spells: 11/11 levels left

rFire   . .          .
                       - Unarmed
rCold   + . .        L - +2 tower shield of Qeghaadi {rC+}
rNeg    + + .        G - +0 troll leather armour
rPois   .            (helmet currently unavailable)
rElec   .            (cloak currently unavailable)
rCorr   .            (gloves unavailable)
SInv    .            (boots unavailable)
Will    .....        (no amulet)
Stlth   +            n - +6 ring of strength
HPRegen 1.99/turn    b - +4 ring of protection
MPRegen 0.13/turn

%: no passive effects
@: beast-form, glowing
A: beast (slay +4), large, unfitting armour, claws 3, regeneration 1, shaggy fur
1, tough skin 1
a: Begin Untransformation, Renounce Religion, Divine Shield, Cleansing Flame


You were on level 11 of the Dungeon.
You worshipped the Shining One.
The Shining One was greatly pleased with you.
You were a hulking beast.
You visited 2 branches of the dungeon, and saw 12 of its levels.
You also visited: Bailey.

You collected 912 gold pieces.
You spent 870 gold pieces at shops.

Inventory:

Missiles
 j - 5 boomerangs (quivered)
 y - 3 curare-tipped darts
 E - 21 poisoned darts
Armour
 G - a +0 troll leather armour (worn)
 L - the +2 tower shield of Qeghaadi (worn) {rC+}
   (You acquired it on level 9 of the Dungeon)

   rC+:       It protects you from cold.
Jewellery
 a - the ring of Midnight {Fly Will- rCorr MP+9 Stlth+}
   (You took it off an orc wizard on level 8 of the Dungeon)

   [ring of resist corrosion]

   Will-:     It decreases your willpower.
   MP+9:      It affects your magic capacity (+9).
   Fly:       It grants you flight.
   rCorr:     It protects you from acid and corrosion.
   Stlth+:    It makes you more stealthy.
 b - a +4 ring of protection (right claw)
 m - a ring of wizardry
 n - a +6 ring of strength (left claw)
 w - a +4 ring of protection
Talismans
 c - a beast talisman (active)
 d - a flux talisman
Wands
 r - a wand of charming (11)
 s - a wand of digging (5)
 v - a wand of flame (23)
 I - a wand of roots (11)
Scrolls
 e - 3 scrolls of revelation
 f - 3 scrolls of enchant weapon
 g - a scroll of poison
 i - 5 scrolls of noise
 o - 2 scrolls of butterflies
 p - 7 scrolls of teleportation
 q - a scroll of torment
 t - 3 scrolls of blinking {unknown}
 u - 2 scrolls of immolation {unknown}
 x - 4 scrolls of fog
 A - 2 scrolls of brand weapon {unknown}
 D - 2 scrolls of vulnerability {unknown}
 H - a scroll of enchant armour {unknown}
 K - 2 scrolls of identify
Potions
 h - 3 potions of mutation
 k - a potion of might
 l - 6 potions of curing
 z - 3 potions of brilliance
 B - a potion of heal wounds
 C - a potion of haste {unknown}
 F - 2 potions of enlightenment
 J - a potion of berserk rage {unknown}
 M - a potion of lignification


   Skills:
 + Level 6.6 Fighting
 + Level 7.0 Throwing
 + Level 1.2 Armour
 + Level 2.1 Dodging
 + Level 1.0 Shields
 + Level 8.5 Unarmed Combat
 + Level 2.9 Invocations
 * Level 13.3 Shapeshifting


You had 11 spell levels left.
You didn't know any spells.
Your spell library contained the following spells:

 Spells                   Type           Power      Damage    Failure   Level
 Chain Lightning          Conj/Air       0%         N/A       100%        9
 Fire Storm               Conj/Fire      0%         5d1       100%        9
 Shatter                  Erth           0%         3d5*      100%        9


Dungeon Overview and Level Annotations

Branches:
Dungeon (11/15)            Temple (1/1) D:6            Lair (0/5) D:8
    Orc (0/2) D:11         Bailey (visited)

Altars:
Ashenzari
Cheibriados
Dithmenos
Elyvilon
Fedhas
Gozag
Hepliaklqana
Kikubaaqudgha
Makhleb
Nemelex Xobeh
Okawaru
Qazlal
Ru
Sif Muna
Trog
Uskayaw
Vehumet
Wu Jian
Xom
Yredelemnul
Zin
The Shining One

Shops:
D:5 [   D:9 ?=(

Annotations:
D:4 1 runed translucent door, RockinRobin's ghost, amateur OpSh
Temple 2 transporters


Innate Abilities, Weirdness & Mutations

You are a hulking beast.
Your limbs bulge with bestial killing power. (Slay +4)
You are too large for most types of armour.
You have claws for hands.
Your natural rate of healing is unusually fast.
You are covered in fur. (AC +1)
You have tough skin. (AC +1)


Message History

The catoblepas is heavily wounded.
The catoblepas breathes a plume of calcifying dust at you.
The blast of calcifying dust hits you.
You have turned to stone.
You are engulfed in calcifying dust.
The catoblepas gores you. The purple ugly thing headbutts you!
You are engulfed in calcifying dust.
The catoblepas completely misses you. The purple ugly thing headbutts you!
You are engulfed in calcifying dust.
The catoblepas gores you!!
The purple ugly thing headbutts you but does no damage.
You are engulfed in calcifying dust.
The catoblepas gores you but does no damage.
The purple ugly thing headbutts you!
You are engulfed in calcifying dust.
The catoblepas breathes a plume of calcifying dust at you.
The blast of calcifying dust hits you. The purple ugly thing headbutts you!
You are engulfed in calcifying dust.
The catoblepas gores you!! The purple ugly thing headbutts you.
The catoblepas gores you!!
* * * LOW HITPOINT WARNING * * *
The purple ugly thing headbutts you!
* * * LOW HITPOINT WARNING * * *
The catoblepas gores you!
* * * LOW HITPOINT WARNING * * *
The purple ugly thing headbutts you but does no damage.
The catoblepas gores you!!
* * * LOW HITPOINT WARNING * * *
The purple ugly thing headbutts you!
* * * LOW HITPOINT WARNING * * *
You turn to flesh and can move again.
Okay, then.
Okay, then.
Okay, then.
Attack: -) Claws
Press: ? - help, Dir - move target, f/p - catoblepas
Aim: a catoblepas (heavily wounded, haloed, about 3% to evade your claws)
Okay, then.
Okay, then.
Okay, then.
The catoblepas gores you!!
You die...

##...............##
##.#............#
##.#...........# .
##...........## ..
##..........# ...
##........## ....
##......## .....
##.....####......
##...##.h.#
##...uY###
#..##ZZ##
#####ZZ.####
#..ZZ8....#
#.........#
#.........#
#.........#
..........[.#


You could see a catoblepas, a purple ugly thing, a gnoll zombie, an orc zombie,
an ogre zombie and a gnoll skeleton.

Vanquished Creatures
  An orc warlord (Bailey)
  2 two-headed ogres
  2 orc knights (Bailey)
  3 trolls
  A hornet (D:7)
  Grinder (D:3)
  Sigmund (D:5)
  3 shadows
  2 wyverns (D:10)
  A wraith (D:11)
  12 yaks
  A steam dragon (D:4)
  A vampire mosquito (D:11)
  Menkaure (D:6)
  2 water moccasins
  11 orc warriors
  An ice beast (D:5)
  An ogre (D:5)
  3 centaurs
  2 phantoms (D:11)
  2 kobold brigands
  A gnoll sergeant (D:9)
  3 scorpions
  9 wights
  A troll zombie (D:11)
  8 killer bees
  4 howler monkeys
  3 jellies
  9 orc priests
  2 bombardier beetles (D:5)
  6 hounds
  A sleepcap (D:5)
  A gnoll bouda (D:8)
  Jessica (D:3)
  An iguana (D:5)
  9 orc wizards
  4 ogre zombies (D:11)
  Robin (D:3)
  6 adders
  11 gnolls
  A shadow imp (D:5)
  2 white imps
  2 ufetubi
  2 dart slugs
  2 ribbon worms (D:2)
  51 orcs
  7 bats
  10 endoplasms
  4 giant cockroaches
  30 goblins
  18 hobgoblins
  2 jackals (D:5)
  4 quokkas
  11 ball pythons
  9 frilled lizards
  2 gnoll skeletons (D:11)
  2 gnoll zombies (D:11)
  9 kobolds
  4 orc skeletons (D:11)
  11 orc zombies (D:11)
  7 rats
325 creatures vanquished.

Vanquished Creatures (collateral kills)
  An orc warrior (Bailey)
  4 gnolls
  A goblin (Bailey)
  A kobold (D:9)
7 creatures vanquished.

Vanquished Creatures (others)
  A yak (D:9)
  An orc warrior (Bailey)
  2 gnolls
  5 kobolds
9 creatures vanquished.

Grand Total: 341 creatures vanquished

Notes
Turn   | Place    | Note
-------+----------+-------------------------------------------
     0 | D:1      | anacleto the Troll Shapeshifter began the quest for the
                  | Orb.
     0 | D:1      | Reached XP level 1. HP: 18/18 MP: 0/0
    98 | D:1      | Reached skill level 1 in Fighting
   214 | D:1      | Reached XP level 2. HP: 27/27 MP: 1/1
   841 | D:2      | Reached XP level 3. HP: 33/33 MP: 2/2
   910 | D:2      | You fall into a shaft and drop 1 floor!
   992 | D:3      | Noticed Jessica
   998 | D:3      | Killed Jessica
  1062 | D:3      | Reached XP level 4. HP: 41/41 MP: 3/3
  1471 | D:2      | Reached skill level 1 in Throwing
  1471 | D:2      | Reached skill level 4 in Shapeshifting
  2207 | D:3      | Noticed Robin
  2375 | D:3      | Reached XP level 5. HP: 46/49 MP: 4/4
  2377 | D:3      | Killed Robin
  2554 | D:3      | Noticed Grinder
  2574 | D:3      | Paralysed by Grinder for 5 turns
  2580 | D:3      | Killed Grinder
  2581 | D:3      | Reached XP level 6. HP: 42/58 MP: 5/5
  2960 | D:4      | Found a runed translucent door.
  2961 | D:4      | Noticed RockinRobin's ghost (amateur OpSh)
  2989 | D:4      | Reached skill level 5 in Shapeshifting
  3268 | D:4      | Reached XP level 7. HP: 55/66 MP: 6/6
  3693 | D:5      | Entered Level 5 of the Dungeon
  3884 | D:5      | Noticed a steam dragon
  3894 | D:4      | Killed a steam dragon
  3895 | D:4      | Reached skill level 5 in Unarmed Combat
  3895 | D:4      | Reached skill level 6 in Shapeshifting
  3909 | D:5      | Found Nele's Antique Armour Boutique.
  3926 | D:5      | Reached XP level 8. HP: 75/75 MP: 7/7
  4210 | D:5      | Noticed Sigmund
  4218 | D:5      | Killed Sigmund
  4599 | D:6      | Reached skill level 7 in Shapeshifting
  4722 | D:6      | Found a staircase to the Ecumenical Temple.
  4767 | D:6      | Noticed Menkaure
  4774 | Temple   | Found a transporter.
  4774 | Temple   | Found a transporter.
  4774 | Temple   | Found a transporter.
  4774 | Temple   | Found a transporter.
  4774 | Temple   | Entered the Ecumenical Temple
  4817 | Temple   | Became a worshipper of the Shining One
  4851 | D:6      | Found a hide-covered altar of Uskayaw.
  4851 | D:6      | Found a broken altar of Ashenzari.
  4864 | D:6      | Found a stormy altar of Qazlal.
  5474 | D:6      | Killed Menkaure
  5475 | D:6      | Reached XP level 9. HP: 66/85 MP: 8/8
  6158 | D:7      | Reached skill level 8 in Shapeshifting
  6869 | D:8      | Reached skill level 5 in Throwing
  7060 | D:8      | Found a staircase to the Lair.
  7070 | D:8      | Noticed a troll
  7078 | D:7      | Killed a troll
  7079 | D:7      | Reached skill level 5 in Fighting
  7317 | D:8      | Noticed a two-headed ogre
  7591 | D:8      | Killed a two-headed ogre
  7592 | D:8      | Reached skill level 9 in Shapeshifting
  7592 | D:8      | Reached XP level 10. HP: 96/96 MP: 9/9
  7719 | D:8      | Identified the ring of Midnight {Fly Will- rCorr MP+9
                  | Stlth+}
  8113 | D:9      | Found Ryshrino's Jewellery Boutique.
  8114 | D:9      | Reached * piety under the Shining One
  8225 | D:9      | Found Vecselum's Weapon Emporium.
  8341 | D:9      | Found Cuareecw's Magic Scroll Shop.
  8349 | D:9      | Bought a scroll of identify for 30 gold pieces
  8349 | D:9      | Bought a scroll of identify for 30 gold pieces
  8349 | D:9      | Bought a scroll of identify for 30 gold pieces
  8957 | D:10     | Entered Level 10 of the Dungeon
  9004 | D:10     | Found a flagged portal.
  9029 | Bailey   | Entered a bailey
  9110 | Bailey   | Noticed an orc knight
  9119 | Bailey   | Killed an orc knight
  9120 | Bailey   | Reached skill level 1 in Invocations
  9120 | Bailey   | Reached skill level 10 in Shapeshifting
  9305 | Bailey   | Noticed an orc knight
  9324 | Bailey   | Killed an orc knight
  9609 | Bailey   | Noticed an orc warlord
  9658 | Bailey   | Killed an orc warlord
  9659 | Bailey   | Reached XP level 11. HP: 107/107 MP: 11/11
  9731 | Bailey   | Identified the +0 chain mail of the Wereyak {+Blink rElec
                  | Will+++ Int-3}
  9799 | Bailey   | Reached skill level 13 in Shapeshifting
  9799 | Bailey   | Reached XP level 12. HP: 115/115 MP: 12/12
 10195 | D:10     | Noticed a two-headed ogre
 10211 | D:10     | Killed a two-headed ogre
 10683 | D:9      | Bought a scroll of acquirement for 780 gold pieces
 10684 | D:9      | Acquired the +2 tower shield of Qeghaadi {rC+}
 10958 | D:11     | Reached skill level 1 in Armour
 11081 | D:11     | Reached ** piety under the Shining One
 11149 | D:11     | Found a staircase to the Orcish Mines.
 11150 | D:11     | Reached *** piety under the Shining One
 11197 | D:11     | Reached skill level 1 in Shields
 11202 | D:11     | Reached **** piety under the Shining One
 11204 | D:11     | Noticed a catoblepas
 11231 | D:11     | Demolished by a catoblepas

Illustrated notes

Levels and vault maps discovered:
D:1:      dpeg_arrival_boxorama, layout_basic
D:2:      minmay_chambers_of_twos, layout_loops_ring, serial_co_window_serial,
          co_window_paths_a, co_window_paths_b, co_window_paths_a,
          co_window_paths_a, co_window_paths_b, co_window_paths_b,
          co_window_corner_a, co_window_of_opportunity_b,
          co_window_of_opportunity_c, co_window_cross_3, glass_columns_a,
          glass_columns_b, glass_columns_a, glass_columns_c,
          chequers_serial_rivers_room_b, minmay_misc_feat_tiny, minmay_cut_off
D:3:      layout_loops_ring, uniq_grinder, uniq_jessica, uniq_robin
D:4:      kb_forest_paths, layout_basic, ebering_ghost_reflecting_pool
D:5:      minmay_chambers_of_fours, layout_rooms, serial_shops, shop_statue,
          uniq_sigmund
D:6:      layout_layer_cave, chequers_temple_overflow_statue_of_worship,
          temple_statues, uniq_menkaure
D:7:      layout_basic, nrook_mini_backslash
D:8:      layout_basic, lair_entry_dummy, minmay_misc_feat_five
D:9:      layout_basic, serial_shops, shop, nicolae_shop_stone, shop,
          chequers_serial_rivers_micro_a
D:10:     layout_gridville, enter_bailey_5, serial_park_tiny_2,
          minmay_misc_feat_chi
D:11:     layout_cave_pods, zombieorc2_lemuel
Temple:   hellmonk_temple_divided_pantheon

Skill      XL: |  1  2  3  4  5  6  7  8  9 10 11 12 |
---------------+-------------------------------------+-----
Fighting       | 1 2 3 4 5 6 |  6.6
Throwing       | 1 2 3 4 5 6 7 |  7.0
Shapeshifting  | 4 5 6 7 9 10 13 | 13.3
Unarmed Combat | 4 5 6 7 8 |  8.5
Invocations    | 2 |  2.9
Dodging        | 2 |  2.1
Armour         | 1 |  1.2
Shields        | 1 |  1.0

Action                     |  1- 3 |  4- 6 |  7- 9 | 10-12 || total
---------------------------+-------+-------+-------+-------++-------
  Melee: Unarmed           |    69 |   143 |   233 |   234 ||   679
         Punch             |     1 |     2 |     4 |    10 ||    17
  Throw: Boomerang         |     1 |     1 |     3 |    79 ||    84
         Dart              |       |       |     5 |     7 ||    12
 Invoke: Divine Shield     |       |       |       |     1 ||     1
Ability: Begin Untransform |       |       |     2 |       ||     2
  Evoke: Wand              |       |       |     4 |    16 ||    20
    Use: Potion            |     1 |     2 |     4 |     8 ||    15
         Scroll            |       |     2 |     8 |    11 ||    21
 Armour: Animal skin       |    33 |   120 |   200 |       ||   353
         Skin              |     1 |       |     5 |     6 ||    12
         Troll leather arm |       |       |       |   223 ||   223
  Dodge: Dodged            |    21 |    60 |   111 |    86 ||   278
  Block: Tower shield      |       |       |       |    68 ||    68
   Form: Beast             |       |       |     1 |       ||     1
         Flux              |       |       |     1 |       ||     1

Table legend: (Time is in decaauts)
 A = Elapsed time spent in this place.
 B = Non-inter-level travel time spent in this place.
 C = Inter-level travel time spent in this place.
 D = Time resting spent in this place.
 E = Time spent auto-exploring this place.
 F = Levels seen in this place.
 G = Mean time per level.
                   A        B        C        D        E       F      G
               +--------+--------+--------+--------+--------+-----+--------+
         Total |  11192 |  10671 |    521 |   1336 |   6250 |  13 |  860.9 |
       Dungeon |  10365 |   9844 |    521 |   1063 |   6195 |  11 |  942.3 |
        Temple |     60 |     60 |      0 |     26 |      0 |   1 |   60.0 |
        Bailey |    766 |    766 |      0 |    247 |     55 |   1 |  766.0 |
               +--------+--------+--------+--------+--------+-----+--------+

Top non-repeatable levels by time:
     D:2: 1256 daAuts
     D:7: 1191 daAuts
     D:6: 1183 daAuts
     D:9: 1050 daAuts
     D:5: 1005 daAuts
    D:10: 985 daAuts
     D:8: 961 daAuts
     D:4: 842 daAuts
     D:1: 822 daAuts
     D:3: 772 daAuts
  Bailey: 766 daAuts
    D:11: 292 daAuts
  Temple: 60 daAuts
